 Dungeon Crawl Stone Soup version 0.27-a0-1200-g94dc6ad4cf (webtiles) character file.

Game seed: 9121652633985153626

205 tilp the Caller (level 5, -7/40 HPs)
             Began as a Barachi Summoner on June 1, 2021.
             Killed by divine providence
             ... invoked by an orc priest
              (15 damage)
             ... on level 4 of the Dungeon.
             The game lasted 00:08:23 (4556 turns).

tilp the Caller (Barachi Summoner)                  Turns: 4556, Time: 00:08:23

Health: -7/40      AC:  9    Str: 11      XL:     5   Next: 83%
Magic:  2/9        EV: 11    Int: 15      God:
Gold:   128        SH:  0    Dex: 11 (12) Spells: 4/10 levels left

rFire    . . .     SeeInvis .   b - +0 spear
rCold    . . .     Faith    .   (no shield)
rNeg     . . .     Spirit   .   l - +0 ring mail
rPois    +         Reflect  .   q - +1 helmet
rElec    .         Harm     .   (no cloak)
rCorr    .         Rampage  .   (no gloves)
Will     .....                  i - +1 pair of boots
Stlth    +.........             (no amulet)
HPRegen  0.13/turn              g - ring of wizardry
MPRegen  0.11/turn              n - ring of poison resistance

@: slow
A: amphibious, slowness 1, strong legs 1, +LOS
a: Hop


You were on level 4 of the Dungeon.
You visited 1 branch of the dungeon, and saw 4 of its levels.

You collected 128 gold pieces.

Inventory:

Hand Weapons
 a - a +0 dagger
 b - a +0 spear (weapon)
 p - a +0 trident
Missiles
 c - 17 poisoned darts (quivered)
Armour
 i - a +1 pair of boots (worn)
 l - a +0 ring mail (worn)
 q - a +1 helmet (worn)
Jewellery
 g - a ring of wizardry (left hand)
 n - a ring of poison resistance (right hand)
Potions
 d - 4 potions of heal wounds
 h - a potion of curing
 j - a potion of haste {unknown}
 k - a potion of might {unknown}
 o - 2 potions of cancellation {unknown}


   Skills:
 + Level 2.8 Fighting
 + Level 1.5 Polearms
 + Level 3.0 Dodging
 + Level 2.5 Stealth
 - Level 3.0 Spellcasting
 - Level 6.0 Summonings


You had 4 spell levels left.
You knew the following spells:

 Your Spells              Type           Power      Damage    Failure   Level
a - Summon Small Mammal   Summ           80%        N/A       1%          1
b - Call Imp              Summ           20%        N/A       2%          2
c - Call Canine Familiar  Summ           20%        N/A       4%          3

Your spell library contained the following spells:

 Spells                   Type           Power      Damage    Failure   Level
 Summon Guardian Golem    Hex/Summ       11%        N/A       16%         3
 Corona                   Hex            2%         N/A       19%         1
 Ensorcelled Hibernation  Hex/Ice        4%         N/A       28%         2
 Summon Ice Beast         Ice/Summ       11%        N/A       45%         4
 Summon Lightning Spire   Summ/Air       11%        N/A       45%         4
 Confusing Touch          Hex            2%         N/A       47%         3
 Dazzling Flash           Conj/Hex       4%         N/A       47%         3
 Tukima's Dance           Hex            2%         N/A       47%         3


Dungeon Overview and Level Annotations

Branches:
Dungeon (4/15)
 Temple: D:4-7

Altars:
Trog
Beogh

Shops:
D:2 =


Innate Abilities, Weirdness & Mutations

You are amphibious.
You cover ground slowly.
You can hop short distances.
You have an extended range of vision and can be seen from far away.


Message History

The orc priest hits your shadow imp with a +0 war axe.
Your shadow imp dies!
Your hound closely misses the orc priest.
The orc priest barely misses your hound.
Reach: b) +0 spear
Press: ? - help, Dir - move target, f/p - orc priest
Aim: an orc priest, wielding a +0 war axe and wearing a +0 scale mail (severely wounded, ally target, about 37% to evade your +0 spear)
You reach to attack!
The adder hisses angrily.
You hit the orc priest.
The orc priest is almost dead.
Your hound bites the orc priest but does no damage.
The orc priest hits your hound with a +0 war axe!
Your hound dies!
Your hound's corpse disappears in a puff of smoke!
Reach: b) +0 spear
Press: ? - help, Dir - move target, f/p - orc priest
Aim: an orc priest, wielding a +0 war axe and wearing a +0 scale mail (almost dead, about 37% to evade your +0 spear)
You reach to attack!
You hit the orc priest but do no damage.
The orc priest is almost dead.
Casting: Call Canine Familiar (dangerous; 4% risk of failure)
Confirm with . or Enter, or press ? or * to list all spells.
Unknown command.
You hit the orc priest but do no damage.
The orc priest is almost dead.
The orc priest mumbles some strange prayers to Beogh against you.
Pain shoots through your body!
* * * LOW HITPOINT WARNING * * *
Unknown command.
You barely miss the orc priest.
The orc priest is almost dead.
The orc priest closely misses you.
The adder bites your hound but does no damage.
You swap places.
The orc priest misses your hound. The adder bites you but does no damage.
Your hound barely misses the orc priest.
The orc priest mumbles some strange prayers to Beogh against you.
Beogh smites you!
You die...

.....#...##†.##
#...#....#####
#..........#
#...######...#
.. ##5#.# ..#
#.###§.#... .
#.....######
####..)######
#...Koh@.# #
#.######S.# .#
## #.# ..... ..
.# #.# .....≈≈≈
..# ##.##..
.....≈≈≈
...##...).# ###
..(..≈≈≈
....>..##. ....
......≈≈
.....<..####...#
........
..........h....h
..##?...


You could see an orc priest (ally target), an adder, a kobold and a friendly
hound (summoned).

Vanquished Creatures
  Jessica (D:3)
  A dart slug (D:4)
  2 orcs
  2 ball pythons (D:2)
  3 bats
  3 endoplasms
  10 goblins
  6 hobgoblins
  A kobold (D:2)
  2 quokkas
  2 frilled lizards (D:2)
  2 rats (D:2)
35 creatures vanquished.

Vanquished Creatures (collateral kills)
  Eustachio (D:3)
  A centaur skeleton (D:2)
  Robin (D:3)
  5 adders
  An adder skeleton (D:2)
  A worm (D:2)
  A dart slug (D:2)
  An orc (D:2)
  3 endoplasms
  A giant cockroach (D:2)
  2 goblins (D:2)
  A hobgoblin (D:3)
  4 jackals (D:3)
  2 quokkas (D:2)
  4 ball pythons
  4 kobolds
  A rat (D:2)
34 creatures vanquished.

Grand Total: 69 creatures vanquished

Notes
Turn   | Place    | Note
-------+----------+-------------------------------------------
     0 | D:1      | tilp the Barachi Summoner began the quest for the Orb.
     0 | D:1      | Reached XP level 1. HP: 13/13 MP: 3/3
   725 | D:1      | Reached skill level 1 in Fighting
  1151 | D:2      | Reached XP level 2. HP: 20/22 MP: 5/5
  1154 | D:2      | Learned a level 2 spell: Call Imp
  1752 | D:2      | Reached skill level 5 in Summonings
  1752 | D:2      | Reached XP level 3. HP: 24/27 MP: 0/7
  1880 | D:2      | Found a faded altar of an unknown god.
  2010 | D:2      | Found Godelles's Jewellery Boutique.
  2483 | D:2      | Reached XP level 4. HP: 33/33 MP: 0/8
  3305 | D:3      | Reached skill level 6 in Summonings
  3333 | D:3      | You fall into a shaft and drop 1 floor!
  3333 | D:4      | Noticed a black bear
  3422 | D:3      | Noticed Jessica
  3454 | D:3      | Killed Jessica
  3573 | D:3      | Found a bloodstained altar of Trog.
  3687 | D:3      | Noticed Robin
  3849 | D:3      | Killed Robin
  3909 | D:3      | Reached XP level 5. HP: 15/38 MP: 9/9
  4202 | D:3      | Learned a level 3 spell: Call Canine Familiar
  4306 | D:4      | Noticed Eustachio
  4350 | D:3      | Killed Eustachio
  4351 | D:3      | Reached skill level 1 in Polearms
  4556 | D:4      | Killed from afar by an orc priest

Illustrated notes

Levels and vault maps discovered:
D:1:      roderic_crop_circles_arrival_small, layout_loops_ring,
          hangedman_glass_teeth
D:2:      layout_basic, serial_shops, nicolae_shop_window_shopping,
          ebering_ecumenical_altar_webs, minmay_divided_ellipse
D:3:      layout_basic, trog_book, uniq_robin, uniq_jessica
D:4:      layout_rooms, temple_pool_b, minmay_misc_feat_rugged,
          minmay_misc_feat_secret_circle, kennysheep_orc_chapel, uniq_eustachio

Skill      XL: |  1  2  3  4  5 |
---------------+----------------+-----
Fighting       | 1 2 |  2.8
Summonings     | 5 6 |  6.0
Spellcasting   | 3 |  3.0
Stealth        | 2 |  2.5
Polearms       | 1 |  1.5
Dodging        | 3 |  3.0

Action                   |  1- 3 |  4- 6 || total
-------------------------+-------+-------++-------
Melee: Dagger            |    72 |   103 ||   175
       Unarmed           |     1 |       ||     1
       Spear             |       |    25 ||    25
Throw: Dart              |    13 |       ||    13
 Cast: Summon Small Mamm |    25 |     4 ||    29
       Call Imp          |     9 |    25 ||    34
       Call Canine Famil |       |     3 ||     3
 Abil: Hop               |       |     2 ||     2
  Use: Scroll            |     2 |     7 ||     9
 Stab: Distracted        |       |     2 ||     2
Armor: Robe              |    11 |       ||    11
       Ring mail         |    16 |    82 ||    98
       Leather armour    |     3 |       ||     3
Dodge: Dodged            |    40 |    83 ||   123

Table legend: (Time is in decaauts)
 A = Elapsed time spent in this place.
 B = Non-inter-level travel time spent in this place.
 C = Inter-level travel time spent in this place.
 D = Time resting spent in this place.
 E = Time spent auto-exploring this place.
 F = Levels seen in this place.
 G = Mean time per level.
                   A        B        C        D        E       F      G
               +--------+--------+--------+--------+--------+-----+--------+
         Total |   4971 |   4859 |    112 |   1247 |   2775 |   4 | 1242.8 |
       Dungeon |   4971 |   4859 |    112 |   1247 |   2775 |   4 | 1242.8 |
               +--------+--------+--------+--------+--------+-----+--------+

Top non-repeatable levels by time:
     D:2: 2496 daAuts
     D:3: 1306 daAuts
     D:1: 1015 daAuts
     D:4: 152 daAuts
